 Dungeon Crawl Stone Soup version 0.18-a0-1788-g92de1ac (webtiles) character file.

1493 MrRokkomies the Poker (level 8, -6/51 HPs)
             Began as an Octopode Summoner on Apr 21, 2016.
             Was a Believer of Cheibriados.
             Killed by divine providence
             ... invoked by an orc priest
              (14 damage)
             ... on level 6 of the Dungeon.
             The game lasted 00:25:57 (6807 turns).

MrRokkomies the Poker (Octopode Summoner)           Turns: 6807, Time: 00:25:57

Health: -6/51      AC:  1    Str: 12    XL:     8   Next: 80%
Magic:  15/20      EV: 16    Int: 23    God:    Cheibriados [**....]
Gold:   328        SH:  0    Dex: 16    Spells: 3 memorised, 2 levels left

rFire  . . .     SeeInvis .     q - +0 trident
rCold  . . .     Gourm    .     (no shield)
rNeg   . . .     Faith    .     (helmet restricted)
rPois  .         Spirit   .     (no amulet)
rElec  .         Dismiss  .     r - ring of magical power
rCorr  .         Reflect  .     (no ring)
SustAt .         Harm     .     (no ring)
MR     .....                    (no ring)
Stlth  +++.......               (no ring)
                                (no ring)
                                (no ring)
                                (no ring)

@: very slow, not resistant to hostile enchantments, fairly stealthy
A: almost no armour, amphibious, 8 rings, constrict 8, camouflage 1, gelatinous
body 1
a: Bend Time, Renounce Religion


You were on level 6 of the Dungeon.
You worshipped Cheibriados.
Cheibriados was pleased with you.
You were not hungry.

You visited 1 branch of the dungeon, and saw 6 of its levels.

You collected 328 gold pieces.

Inventory:

Hand Weapons
 p - a +1 halberd
 q - a +0 trident (weapon)
Missiles
 g - 25 sling bullets
 i - 144 stones (quivered)
 l - 47 poisoned needles
 E - 5 tomahawks
Jewellery
 r - a ring of magical power (left tentacle)
 y - an uncursed ring of protection from fire {unknown}
Wands
 d - a wand of slowing (29/48)
 w - a wand of confusion (48/48)
 B - a wand of slowing (0/48)
Scrolls
 j - a scroll of enchant weapon
 n - 2 scrolls of remove curse
 s - 3 scrolls of teleportation
 v - a scroll of identify
 A - a scroll of amnesia
Potions
 c - a potion of resistance
 e - 2 potions of ambrosia {unknown}
 h - 2 potions of heal wounds {unknown}
 k - 2 potions of haste {unknown}
 m - 2 potions of magic
 o - a potion of lignification {unknown}
 t - a potion of cure mutation
 D - a potion of might
Books
 a - a book of Callings

   Spells                             Type                      Level
   a - Summon Small Mammal            Summoning                    1
   b - Call Imp                       Summoning                    2
   c - Call Canine Familiar           Summoning                    3
   d - Summon Guardian Golem          Hexes/Summoning              3
   e - Summon Lightning Spire         Summoning/Air                4
   f - Summon Ice Beast               Ice/Summoning                4
 C - a book of Dreams

   Spells                             Type                      Level
   a - Ensorcelled Hibernation        Hexes/Ice                    2
   b - Silence                        Hexes/Air                    5
   c - Darkness                       Hexes                        6
   d - Shadow Creatures               Summoning                    6
Comestibles
 b - 3 bread rations
 u - 4 fruits
 x - a beef jerky
 z - 4 meat rations


   Skills:
 - Level 2.6 Fighting
 * Level 6.9 Polearms
 - Level 6.0 Dodging
 - Level 2.6 Stealth
 - Level 2.0 Spellcasting
 - Level 5.0 Summonings
 * Level 3.2 Air Magic


You had 2 spell levels left.
You knew the following spells:

 Your Spells              Type           Power        Failure   Level  Hunger
a - Call Canine Familiar  Summ           ####....     6%          3    ###....
b - Call Imp              Summ           ####....     2%          2    ##.....
c - Summon Lightning Spi  Summ/Air       ###.....     24%         4    #####..


Dungeon Overview and Level Annotations

Branches:
Dungeon (6/15)
 Temple: D:4-7

Altars:
Cheibriados
Fedhas
Pakellas
The Shining One

Annotations:
D:6 exclusion: oklob plant


Innate Abilities, Weirdness & Mutations

You cannot wear most types of armour.
You are amphibious.
You can wear up to eight rings at the same time.
You can use your tentacles to constrict eight enemies at once.
Your skin changes colour to match your surroundings (Stealth).
Your rubbery body absorbs attacks (AC +1).


Message History

Unknown command.
The orc hits your lightning spire with a club.
Your lightning spire is destroyed!
The ooze jiggles.
The orc priest calls upon Beogh to heal the orc.
The orc's wounds heal themselves!
Your hound closely misses the orc priest.
Something hits your hound.
Your hound dies!
Your hound's corpse disappears in a puff of smoke!
The orc priest mumbles some strange prayers to Beogh against you.
Beogh smites you!
* * * LOW HITPOINT WARNING * * *
You see here a dagger.
Drink which item? (? for menu, Esc to quit)
Okay, then.
Unknown command.
The orc priest calls down the wrath of Beogh upon you.
Beogh smites you!
You die...

. #. .. #. ...
#.### .... #.#.##
.....
####....####......
###
.......@).Jo.o....
+..
.###....####.o....
### # #.>#.##
ยง.... #.##.##.#
.... #.......# o..
####.############+#
#.# #......#.# #.#
#.####.#.# #.# #.#
#.#.##


You could see 2 orc priests, an ooze and an orc.

Vanquished Creatures
  A centaur (D:5)
  2 giant frogs (D:6)
  2 crimson imps (D:6)
  A centaur zombie (D:5)
  2 jellies (D:6)
  A quasit (D:6)
  A centaur skeleton (D:5)
  3 giant frog skeletons
  A hound (D:5)
  3 orc wizards (D:6)
  Natasha (twice) (D:4)
  4 worker ants
  A hound skeleton (D:4)
  9 adders
  A gnoll (D:3)
  A shadow imp (D:5)
  8 oozes
  An adder skeleton (D:4)
  2 adder zombies (D:5)
  2 worms
  A dart slug (D:3)
  3 giant geckos
  2 orcs (D:3)
  2 ball pythons
  3 giant cockroaches
  7 goblins
  5 hobgoblins
  8 jackals
  4 quokkas
  5 bats
  5 giant newts
  5 kobolds
  3 rats
101 creatures vanquished.

Vanquished Creatures (collateral kills)
  Duvessa (D:4)
  An orc warrior (D:6)
  A phantom (D:5)
  An ogre (D:5)
  Dowan (D:4)
  2 hounds
  A centaur skeleton (D:5)
  7 jellies
  An orc priest (D:6)
  An orc wizard (D:4)
  Natasha (D:4)
  A hound zombie (D:5)
  4 gnolls
  4 adders
  7 oozes (D:6)
  3 worms
  11 orcs
  A hobgoblin (D:3)
  4 jackals
  A kobold (D:6)
  A ball python (D:5)
55 creatures vanquished.

Vanquished Creatures (others)
  A giant cockroach (D:1)
  5 fungi (D:6)
6 creatures vanquished.

Grand Total: 162 creatures vanquished

Notes
Turn   | Place    | Note
--------------------------------------------------------------
     0 | D:1      | MrRokkomies the Octopode Summoner began the quest for the Orb.
     0 | D:1      | Reached XP level 1. HP: 11/11 MP: 3/3
   313 | D:1      | Reached XP level 2. HP: 18/18 MP: 5/5
   367 | D:1      | Reached skill level 1 in Fighting
   684 | D:2      | Reached XP level 3. HP: 16/24 MP: 6/6
   784 | D:2      | Learned a level 3 spell: Call Canine Familiar
   787 | D:2      | Learned a level 2 spell: Call Imp
  1672 | D:3      | Reached XP level 4. HP: 30/30 MP: 7/7
  2209 | D:3      | Reached skill level 5 in Summonings
  2326 | D:3      | Reached skill level 1 in Polearms
  2447 | D:3      | Reached XP level 5. HP: 35/35 MP: 8/8
  2845 | D:4      | Noticed Dowan
  2852 | D:4      | Killed Dowan
  2947 | D:4      | Noticed Duvessa
  2969 | D:4      | Killed Duvessa
  2969 | D:4      | Reached XP level 6. HP: 41/41 MP: 9/9
  2975 | D:4      | Learned a level 4 spell: Summon Lightning Spire
  3019 | D:4      | Noticed Natasha
  3028 | D:4      | Killed Natasha
  3266 | D:4      | Noticed Natasha
  3273 | D:4      | Killed Natasha
  3989 | D:4      | Noticed Natasha
  4002 | D:4      | Killed Natasha
  4413 | D:5      | Entered Level 5 of the Dungeon
  4424 | D:5      | Reached XP level 7. HP: 27/45 MP: 10/10
  5020 | D:5      | Reached skill level 5 in Dodging
  5046 | D:5      | Reached skill level 5 in Polearms
  5214 | D:5      | Reached XP level 8. HP: 49/51 MP: 11/11
  5434 | D:6      | Found an oddly glowing altar of Pakellas.
  5622 | D:6      | Found a snail-covered altar of Cheibriados.
  5651 | D:6      | Became a worshipper of Cheibriados the Contemplative
  5973 | D:6      | Found a blossoming altar of Fedhas.
  5975 | D:6      | Found a glowing golden altar of the Shining One.
  6165 | D:6      | Noticed an oklob plant
  6173 | D:6      | Reached skill level 1 in Air Magic
  6193 | D:6      | Reached * piety under Cheibriados
  6507 | D:6      | Reached ** piety under Cheibriados
  6807 | D:6      | Killed from afar by an orc priest

Vault maps used:
D:1:      dpeg_arrival_shrine, lemuel_old_faithful
D:2:      first_bread
D:4:      uniq_duvessa, uniq_natasha
D:6:      lemuel_slime, cheibriados_altar_wand_db,
          gammafunk_temple_overflow_statue, johnstein_pakellas_death_squad

Skill      XL: |  1  2  3  4  5  6  7  8 |
---------------+-------------------------+-----
Fighting       | 2 |  2.6
Summonings     | 5 |  5.0
Polearms       | 1 2 3 5 6 |  6.9
Dodging        | 3 4 5 6 |  6.0
Air Magic      | 3 |  3.2
Stealth        | |  2.6
Spellcasting   | |  2.0

Action                   |  1- 3 |  4- 6 |  7- 9 || total
-------------------------+-------+-------+-------++-------
Melee: Dagger            |    12 |       |       ||    12
       Constrict         |    18 |    23 |    21 ||    62
       Short sword       |    57 |    15 |       ||    72
       Tentacles         |    10 |    15 |    18 ||    43
       Halberd           |       |    33 |       ||    33
       Trident           |       |    61 |   149 ||   210
 Cast: Summon Small Mamm |     3 |       |       ||     3
       Call Canine Famil |     2 |    13 |    14 ||    29
       Call Imp          |     2 |     9 |    16 ||    27
       Summon Lightning  |       |       |     4 ||     4
  Use: Scroll            |     5 |     7 |     2 ||    14
       Potion            |       |       |     6 ||     6
 Stab: Sleeping          |     9 |    11 |     8 ||    28
       Distracted        |       |     1 |     2 ||     3
  Eat: Chunk             |     3 |     3 |     8 ||    14
       Meat ration       |       |     2 |       ||     2
Armor: Skin              |     7 |     6 |     8 ||    21
Dodge: Dodged            |    36 |    40 |   106 ||   182
